 Dungeon Crawl Stone Soup version 0.28-a0-1518-gbe868bca14 (webtiles) character file.

Game seed: 16742699642503629659

9 knot the Chopper (level 2, 24/24 HPs)
             Began as a Demonspawn Berserker on Jan 17, 2022.
             Was a Follower of Trog.
             Quit the game on level 1 of the Dungeon.
             The game lasted 00:00:18 (633 turns).

knot the Chopper (Demonspawn Berserker)              Turns: 633, Time: 00:00:18

Health: 24/24      AC:  2    Str: 17    XL:     2   Next: 3%
Magic:  2/2        EV: 12    Int:  8    God:    Trog [*.....]
Gold:   0          SH:  4    Dex: 12    Spells: 1/1 levels left

rFire   . . .      SeeInvis .   a - +0 hand axe
rCold   . . .      Faith    .   (no shield)
rNeg    . . .      Spirit   .   b - +0 animal skin
rPois   .          Reflect  .   (no helmet)
rElec   .          Harm     .   (no cloak)
rCorr   .          Rampage  .   (no gloves)
Will    .....                   (no boots)
Stlth   +.........              (no amulet)
HPRegen 0.08/turn               (no ring)
MPRegen 0.08/turn               (no ring)

@: no status effects
A: condensation shield
a: Renounce Religion, Berserk


You were on level 1 of the Dungeon.
You worshipped Trog.
Trog was aware of your devotion.
You visited 1 branch of the dungeon, and saw 1 of its levels.

Inventory:

Hand Weapons
 a - a +0 hand axe (weapon)
Missiles
 c - 51 stones (quivered)
Armour
 b - a +0 animal skin (worn)
Scrolls
 d - a scroll of identify {unknown}
Potions
 e - a potion of degeneration {unknown}


   Skills:
 - Level 3.0 Fighting
 + Level 3.2 Axes
 - Level 1.7 Armour
 - Level 1.7 Dodging


You had one spell level left.
You didn't know any spells.
Your spell library was empty.

Dungeon Overview and Level Annotations

Branches:
Dungeon (1/15)

Altars:


Innate Abilities, Weirdness & Mutations

A meltable shield of frost defends you. (SH +4)


Message History

The giant cockroach bites you but does no damage.
The giant cockroach misses you.
You hit the giant cockroach.
The giant cockroach is severely wounded.
The giant cockroach completely misses you.
You hit the giant cockroach.
You kill the giant cockroach!
Trog accepts your kill.
You hit the quokka but do no damage. The quokka barely misses you.
You hit the quokka.
The quokka is heavily wounded.
The quokka bites you but does no damage.
You closely miss the quokka.
The quokka is heavily wounded.
The quokka misses you. x2
You closely miss the quokka.
The quokka is heavily wounded.
The quokka bites you.
You hit the quokka.
You kill the quokka!
Trog accepts your kill.
No target in view!
No target in view!
No target in view!
No target in view!
You open the door.
There is an open door here.
An endoplasm comes into view.
The endoplasm quivers.
The endoplasm jiggles.
An endoplasm is nearby!
You hit the endoplasm.
The endoplasm is heavily wounded.
The endoplasm completely misses you.
You slash the endoplasm!
You kill the endoplasm!
Trog accepts your kill.
You have reached level 2!
Your demonic ancestry asserts itself...
Frost condenses into a shield before you.
Are you sure you want to abandon this character and quit the game? (Confirm with "yes".)

#.##### #.#.# #
......#
#...####....
#.###.#
#..........# #.#
#######..######.#
#.# ........## #.#
...###########.####
...
#...............#
#..
##.##.######.##'#
.## #@# ##.##.# #.#
##..#8.8 #.#
##...##.## #.#
#....##.# #.#
##...##.# ...
#...#8.8 ###
######.#


There were no monsters in sight!

Vanquished Creatures
  A ball python (D:1)
  An endoplasm (D:1)
  A giant cockroach (D:1)
  A hobgoblin (D:1)
  A quokka (D:1)
  A goblin (D:1)
  A kobold (D:1)
  A rat (D:1)
8 creatures vanquished.

Notes
Turn   | Place    | Note
-------+----------+-------------------------------------------
     0 | D:1      | knot the Demonspawn Berserker began the quest for the Orb.
     0 | D:1      | Reached XP level 1. HP: 18/18 MP: 1/1
   633 | D:1      | Gained mutation: A meltable shield of frost defends you.
                  | (SH +4) [demonic ancestry]
   633 | D:1      | Reached XP level 2. HP: 24/24 MP: 2/2
   633 | D:1      | Quit the game

Illustrated notes

Levels and vault maps discovered:
D:1:      minmay_arrival_shattered_statue, layout_loops_ring, dk_noncrumbling_2

Skill      XL: |  1 |
---------------+----+-----
Axes           | 3 |  3.2
Fighting       | |  3.0
Armour         | |  1.7
Dodging        | |  1.7

Action                   || total
-------------------------++-------
Melee: Hand axe          ||    31
Invok: Berserk           ||     1
Armor: Animal skin       ||     8
Dodge: Dodged            ||    20

Table legend: (Time is in decaauts)
 A = Elapsed time spent in this place.
 B = Non-inter-level travel time spent in this place.
 C = Inter-level travel time spent in this place.
 D = Time resting spent in this place.
 E = Time spent auto-exploring this place.
 F = Levels seen in this place.
 G = Mean time per level.
                   A        B        C        D        E       F      G
               +--------+--------+--------+--------+--------+-----+--------+
         Total |    652 |    652 |      0 |    224 |    361 |   1 |  652.0 |
       Dungeon |    652 |    652 |      0 |    224 |    361 |   1 |  652.0 |
               +--------+--------+--------+--------+--------+-----+--------+

Top non-repeatable levels by time:
     D:1: 652 daAuts
